[ AOE2 MATCH · #513721640 ]
UnrankedRomans vs Teutons
Player's team · WIN
Rival team · LOSS
[ REPLAY ANALYSIS · EXTRACTED FROM THE RECORDED GAME ]
Feudal
9:15
Castle
—
Imperial
—
| APM avg | 64.3 |
| APM peak | 129 |
| eAPM avg | 19.6 |
| Villagers / military | 27 / 7 |
Focus
⚔️ 24.5% · 🌾 75.5%
Militia ×7
Feudal
11:48
Castle
—
Imperial
—
| APM avg | 49.6 |
| APM peak | 120 |
| eAPM avg | 19.1 |
| Villagers / military | 23 / 0 |
Focus
⚔️ 30.0% · 🌾 70.0%
Match map
Initial resources + every placement click. Lines = walls · curves = elevation contours. ◆ gold · ⬟ stone · ● berries · ✦ relic · ◌ wall gap
Your base· Open — unwalled flank
Tlitado's base· Open — unwalled flank
Smoothed initial terrain · ◌ = detected wall gap · hover for details
Inputs per minute
— David_77 - - Tlitado
Build order — David_77
65 actions detected in the replay
| 0:00 | Queue | Villager (Male) |
| 0:01 | Queue | Villager (Male) |
| 0:01 | Queue | Villager (Male) |
| 0:02 | Build | House |
| 0:03 | Build | House |
| 0:08 | Queue | Villager (Male) |
| 0:08 | Queue | Villager (Male) |
| 1:27 | Queue | Villager (Male) |
| 1:27 | Queue | Villager (Male) |
| 2:05 | Queue | Villager (Male) |
| 2:05 | Queue | Villager (Male) |
| 2:05 | Queue | Villager (Male) |
| 2:28 | Queue | Villager (Male) |
| 2:28 | Queue | Villager (Male) |
| 3:13 | Build | Lumber Camp |
| 3:19 | Queue | Villager (Male) |
| 3:19 | Queue | Villager (Male) |
| 3:24 | Queue | Villager (Male) |
| 3:50 | Build | House |
| 3:51 | Build | House |
| 4:24 | Queue | Villager (Male) |
| 4:50 | Queue | Villager (Male) |
| 4:54 | Queue | Villager (Male) |
| 5:30 | Build | Barracks |
| 5:33 | Queue | Villager (Male) |
| 5:55 | Queue | Villager (Male) |
| 6:07 | Research | Loom |
| 6:32 | Build | Mining Camp |
| 6:56 | Research | Feudal Age |
| 7:16 | Queue | Militia |
| 7:16 | Queue | Militia |
| 7:22 | Build | House |
| 7:43 | Build | Mill |
| 7:44 | Queue | Militia |
| 7:45 | Queue | Militia |
| 7:56 | Queue | Militia |
| 8:39 | Queue | Militia |
| 9:15 | Age | Feudal Age |
| 9:20 | Build | Farm |
| 9:21 | Build | Farm |
| 9:21 | Build | Farm |
| 9:33 | Research | Man-at-Arms (upgrade) |
| 9:42 | Build | Farm |
| 10:07 | Queue | Villager (Male) |
| 10:18 | Build | House |
| 10:27 | Queue | Villager (Male) |
| 10:29 | Build | Farm |
| 10:33 | Build | House |
| 10:42 | Build | Blacksmith |
| 10:52 | Queue | Villager (Male) |
| 11:11 | Build | Farm |
| 11:12 | Queue | Villager (Male) |
| 11:24 | Research | Scale Mail Armor |
| 11:31 | Build | House |
| 11:32 | Build | Palisade Wall |
| 11:53 | Queue | Villager (Male) |
| 12:17 | Queue | Villager (Male) |
| 12:19 | Build | House |
| 13:01 | Queue | Villager (Male) |
| 13:04 | Build | Farm |
| 13:05 | Build | House |
| 13:21 | Build | House |
| 13:23 | Build | Outpost |
| 13:24 | Queue | Militia |
| 13:26 | Research | Double-Bit Axe |
Build order — Tlitado
42 actions detected in the replay
| 0:01 | Queue | Villager (Male) |
| 0:01 | Queue | Villager (Male) |
| 0:03 | Build | House |
| 0:05 | Build | House |
| 0:12 | Queue | Villager (Male) |
| 0:13 | Queue | Villager (Male) |
| 0:13 | Queue | Villager (Male) |
| 1:16 | Queue | Villager (Male) |
| 1:16 | Queue | Villager (Male) |
| 2:11 | Queue | Villager (Male) |
| 2:27 | Research | Loom |
| 2:29 | Queue | Villager (Male) |
| 2:30 | Queue | Villager (Male) |
| 3:07 | Queue | Villager (Male) |
| 3:08 | Queue | Villager (Male) |
| 3:08 | Queue | Villager (Male) |
| 3:42 | Build | House |
| 5:26 | Queue | Villager (Male) |
| 6:19 | Queue | Villager (Male) |
| 6:20 | Queue | Villager (Male) |
| 6:46 | Queue | Villager (Male) |
| 6:46 | Queue | Villager (Male) |
| 6:46 | Queue | Villager (Male) |
| 7:39 | Queue | Villager (Male) |
| 8:00 | Queue | Villager (Male) |
| 8:07 | Build | Lumber Camp |
| 8:28 | Queue | Villager (Male) |
| 9:10 | Build | Mill |
| 9:11 | Queue | Villager (Male) |
| 9:38 | Research | Feudal Age |
| 10:12 | Build | Palisade Wall |
| 10:34 | Build | House |
| 10:40 | Build | House |
| 10:57 | Build | House |
| 11:05 | Build | House |
| 11:48 | Age | Feudal Age |
| 11:51 | Build | Palisade Gate |
| 12:03 | Build | House |
| 12:09 | Build | House |
| 12:27 | Build | House |
| 12:35 | Build | Watch Tower |
| 13:17 | Build | Mining Camp |
Match timeline
| 5:30 | David_77 · first_building Barracks |
| 9:15 | David_77 · age_up feudal |
| 10:12 | Tlitado · wall_segment Palisade Wall x6 |
| 11:32 | David_77 · wall_segment Palisade Wall x4 |
| 11:48 | Tlitado · age_up feudal |
| 13:49 | Tlitado · resign |
[ AI ANALYSIS · 1 CREDIT ]
What really happened in this match?
Wolo.gg analyzes every decision: build order, eco, micro, common mistakes by bracket. Personalized analysis on WhatsApp or Discord in 30 seconds.
Civ guide
Romans
Perfil
Jugador #5862890